 Dungeon Crawl Stone Soup version 0.31-b1-20-g67cafac56d (webtiles) character file.

Game seed: 4195447928307714642

8612 Sobieck the Unseen (level 11, -4/67 HPs)
             Began as a Kobold Brigand on Jan 17, 2024.
             Slain by a vault guard
             ... wielding a +0 broad axe
              (12 damage)
             ... in a bailey.
             The game lasted 00:23:12 (8202 turns).

Sobieck the Unseen (Kobold Brigand)                 Turns: 8202, Time: 00:23:13

Health: -4/67      AC: 12    Str:  8    XL:     11   Next: 59%
Magic:  11/11      EV: 21    Int: 13    God:
Gold:   533        SH:  5    Dex: 21    Spells: 7/10 levels left

rFire   . . .        a - +9 dagger of the Sharing Wasp {freeze, Stlth+}
rCold   + . .        (no shield)
rNeg    . . .        p - +0 robe
rPois   +            D - +2 helmet
rElec   .            c - +2 cloak
rCorr   .            q - +1 Delatra's gloves {ID++}
SInv    .            r - +1 pair of boots
Will    .....        i - amulet of reflection
Stlth   +++++++++    y - +4 ring of slaying
HPRegen 0.31/turn    e - ring of the Good {rPois rC+}
MPRegen 0.12/turn

%: reflection
@: invisible
A: small, no large weapons, nightstalker 3
a: no special abilities


You were in a bailey.
You visited 2 branches of the dungeon, and saw 10 of its levels.
You also visited: Bailey.

You collected 533 gold pieces.

Inventory:

Hand Weapons
 a - the +9 dagger of the Sharing Wasp (weapon) {freeze, Stlth+}
   (You found it on level 7 of the Dungeon)

   Stlth+:    It makes you more stealthy.
 b - a +0 dagger of venom
 w - a +2 dagger
 B - a +4 dagger
 J - a +0 rapier
Missiles
 k - 23 poisoned darts
 F - 3 curare-tipped darts
 Z - 2 throwing nets
Armour
 c - a +2 cloak (worn)
 j - a +0 pair of gloves
 n - the +3 plate armour "Titi" {rElec rN+ Dex+2 Slay-3}
   (You found it on level 8 of the Dungeon)

   Dex+2:     It affects your dexterity (+2).
   Slay-3:    It affects your accuracy & damage with ranged weapons and melee
   (-3).
   rElec:     It insulates you from electricity.
   rN+:       It protects you from negative energy.
 p - a +0 robe (worn)
 q - the +1 Delatra's gloves (worn) {ID++}
   (You found it on level 3 of the Dungeon)

   ID++:      It heals its wearer when they drink unknown potions, and restores
   their MP when they read unknown scrolls.
 r - a +1 pair of boots (worn)
 z - a scarf of repulsion
 D - a +2 helmet (worn)
Magical Staves
 G - a staff of conjuration
 O - a staff of death
Jewellery
 e - the ring of the Good (right hand) {rPois rC+}
   (You acquired it on level 5 of the Dungeon)

   [ring of poison resistance]

   rC+:       It protects you from cold.
   rPois:     It protects you from poison
 g - an amulet of magic regeneration
 i - an amulet of reflection (around neck)
 o - an amulet of faith
 y - a +4 ring of slaying (left hand)
 C - an amulet of the acrobat
 H - a ring of flight
Wands
 t - a wand of roots (20)
 u - a wand of quicksilver (17)
 L - a wand of mindburst (22)
 V - a wand of flame (18)
Scrolls
 d - a scroll of blinking
 h - a scroll of immolation
 s - a scroll of enchant weapon
 v - 3 scrolls of fear {unknown}
 x - a scroll of vulnerability
 I - a scroll of noise {unknown}
 T - 5 scrolls of teleportation
Potions
 f - a potion of degeneration
 l - 2 potions of mutation
 A - 3 potions of magic
 E - a potion of lignification
 K - 2 potions of brilliance
 M - 2 potions of cancellation {unknown}
 N - a potion of berserk rage {unknown}
 P - 2 potions of enlightenment {unknown}
 Q - 2 potions of curing


   Skills:
 - Level 7.0 Fighting
 - Level 10.0 Short Blades
 - Level 2.1 Throwing
 + Level 8.7 Dodging
 + Level 17.8 Stealth
 * Level 1.9 Hexes


You had 7 spell levels left.
You knew the following spells:

 Your Spells              Type           Power      Damage    Failure   Level
a - Confusing Touch       Hex            5%         N/A       38%         3

Your spell library contained the following spells:

 Spells                   Type           Power      Damage    Failure   Level
 Slow                     Hex            20%        N/A       14%         1
 Kiss of Death            Conj/Necr      0%         2d5       30%         1
 Sigil of Binding         Hex            5%         N/A       38%         3
 Tukima's Dance           Hex            5%         N/A       38%         3
 Cigotuvi's Dreadful Rot  Necr/Alch/Air  0%         N/A       43%         2
 Vampiric Draining        Necr           0%         2d6       67%         3
 Dimensional Bullseye     Hex/Tloc       1%         N/A       91%         4
 Dispel Undead            Necr           0%         3d6       97%         4
 Iskenderun's Mystic Bla  Conj/Tloc      0%         2d3       97%         4
 Martyr's Knell           Necr/Summ      0%         N/A       97%         4
 Passage of Golubria      Tloc           0%         N/A       97%         4
 Yara's Violent Unravell  Hex/Alch       1%         3d3       99%         5
 Death Channel            Necr           0%         N/A       100%        6


Dungeon Overview and Level Annotations

Branches:
Dungeon (9/15)             Temple (1/1) D:6          Bailey (1/1)
   Lair: D:8-11         Orc: D:9-12

Altars:
Ashenzari
Cheibriados
Dithmenos
Elyvilon
Fedhas
Kikubaaqudgha
Makhleb
Nemelex Xobeh
Okawaru
Qazlal
Ru
Sif Muna
Trog
Uskayaw
Vehumet
Xom
Yredelemnul
Zin
The Shining One
Ignis

Shops:
D:2 :   D:9 (

Annotations:
D:3 3 runed translucent doors
D:8 exclusion: door


Innate Abilities, Weirdness & Mutations

You are small and have problems with some larger weapons.
You are completely attuned to the shadows.


Message History

The vault guard misses you.
Unknown command.
You puncture the vault guard! You freeze the vault guard.
You punch the vault guard, but do no damage.
The vault guard is lightly wounded.
Unknown command.
You puncture the vault guard! You freeze the vault guard.
The vault guard is moderately wounded.
You block the vault guard's attack.
You barely miss the vault guard.
The vault guard is moderately wounded.
You hit the vault guard. You freeze the vault guard.
The vault guard is moderately wounded.
The vault guard hits you with a +0 broad axe!
Unknown command.
You hit the vault guard. You freeze the vault guard.
The vault guard is heavily wounded.
You hit the vault guard. You freeze the vault guard.
The vault guard is heavily wounded.
The vault guard hits you with a +0 broad axe!
You puncture the vault guard! You freeze the vault guard.
The vault guard is severely wounded.
Unknown command.
You hit the vault guard but do no damage.
Your punch misses the vault guard.
The vault guard is severely wounded.
The vault guard hits you but does no damage.
You puncture the vault guard! You freeze the vault guard.
The vault guard is almost dead.
You completely miss the vault guard.
The vault guard is almost dead.
The vault guard hits you with a +0 broad axe!!
You hit the vault guard. You freeze the vault guard.
The vault guard is almost dead.
Unknown command.
You hit the vault guard but do no damage.
The vault guard is almost dead.
The vault guard hits you with a +0 broad axe!!
* * * LOW HITPOINT WARNING * * *
Unknown command.
You hit the vault guard but do no damage.
The vault guard is almost dead.
Unknown command.
Throw: 4 darts (curare)
Press: ? - help, Shift-Dir - straight line, f - vault guard
Aim: a vault guard, wielding a +0 broad axe and wearing a +0 chain mail (almost dead, 65% to hit)
You throw a curare-tipped dart.
The curare-tipped dart barely misses the vault guard.
The vault guard hits you with a +0 broad axe!
You die...

##+####..###+###
##~~~##)).#.....#
#~~~~~#...#.....#
#~~~~~#...####..#
#~~~~~#....#....#
##~~#÷#'#......##
####.[)##....##
#..p..######
#.∩@∩.# #.....#
##...## #####


You could see a vault guard.

Vanquished Creatures
  A hydra (D:8)
  2 two-headed ogres (D:8)
  An arcanist (D:8)
  A komodo dragon (D:9)
  A troll (D:6)
  2 hornets (D:8)
  Prince Ribbit (Bailey)
  2 wraiths
  2 humans (Bailey)
  A wyvern (D:8)
  2 steam dragons
  7 water moccasins
  2 orc warriors (D:8)
  A black bear (D:5)
  An ice beast (D:8)
  2 sky beasts
  2 ogres (D:7)
  3 centaurs
  A phantom (D:5)
  2 kobold brigands
  A gnoll sergeant (D:4)
  11 bullfrogs
  3 scorpions
  A wight (D:8)
  9 killer bees
  2 howler monkeys (D:7)
  A bombardier beetle (D:7)
  A quasit (D:4)
  2 orc priests
  2 hounds (D:5)
  4 iguanas
  3 jellies
  2 gnoll boudas (D:7)
  9 orc wizards
  14 gnolls
  5 adders
  3 shadow imps
  3 white imps
  An ufetubus (D:4)
  2 dart slugs
  2 ribbon worms (D:2)
  26 orcs
  7 ball pythons
  9 endoplasms
  A giant cockroach (D:4)
  14 goblins
  13 hobgoblins
  4 jackals
  15 kobolds
  2 quokkas (D:5)
  3 bats
  2 frilled lizards
  7 rats
221 creatures vanquished.

Notes
Turn   | Place    | Note
-------+----------+-------------------------------------------
     0 | D:1      | Sobieck the Kobold Brigand began the quest for the Orb.
     0 | D:1      | Reached XP level 1. HP: 12/12 MP: 1/1
   113 | D:1      | Reached skill level 3 in Short Blades
   222 | D:1      | Reached XP level 2. HP: 17/17 MP: 2/2
   551 | D:1      | Reached XP level 3. HP: 21/21 MP: 3/3
   555 | D:1      | Reached skill level 6 in Stealth
  1137 | D:2      | Found Wibaick's Vocational Training.
  1817 | D:3      | Reached XP level 4. HP: 26/26 MP: 4/4
  1859 | D:3      | Found the +1 Delatra's gloves {ID++}
  1861 | D:3      | Found a hide-covered altar of Uskayaw.
  2027 | D:3      | Found a runed translucent gate.
  2027 | D:3      | Found a runed translucent gate.
  2028 | D:3      | Found a runed translucent gate.
  2736 | D:4      | Reached XP level 5. HP: 30/30 MP: 5/5
  2745 | D:4      | Reached skill level 7 in Stealth
  2886 | D:4      | Noticed a water moccasin
  2906 | D:4      | Killed a water moccasin
  2907 | D:4      | Reached skill level 6 in Short Blades
  2907 | D:4      | Reached skill level 8 in Stealth
  2907 | D:4      | Reached XP level 6. HP: 18/35 MP: 6/6
  3328 | D:5      | Entered Level 5 of the Dungeon
  3417 | D:5      | Reached XP level 7. HP: 40/40 MP: 7/7
  3480 | D:5      | Identified a scroll of acquirement
  3480 | D:5      | Acquired the ring of the Good {rPois rC+}
  3699 | D:5      | Reached skill level 9 in Stealth
  4013 | D:5      | Reached skill level 10 in Stealth
  4013 | D:5      | Reached XP level 8. HP: 41/44 MP: 8/8
  4246 | D:5      | Reached skill level 9 in Short Blades
  4499 | D:6      | Found a staircase to the Ecumenical Temple.
  4511 | Temple   | Entered the Ecumenical Temple
  4650 | D:6      | Found a white marble altar of Elyvilon.
  4744 | D:6      | Reached skill level 11 in Stealth
  5100 | D:6      | Reached skill level 3 in Fighting
  5102 | D:6      | Noticed a troll
  5123 | D:6      | Killed a troll
  5124 | D:6      | Reached XP level 9. HP: 51/54 MP: 9/9
  5621 | D:7      | Identified the +9 dagger of the Sharing Wasp {freeze,
                  | Stlth+}
  5683 | D:7      | Reached skill level 6 in Fighting
  5828 | D:7      | Reached skill level 12 in Stealth
  5911 | D:7      | Found a broken altar of Ashenzari.
  5996 | D:7      | Found a glowing golden altar of the Shining One.
  6020 | D:7      | Found an iron altar of Okawaru.
  6340 | D:8      | Found a shimmering blue altar of Sif Muna.
  6403 | D:8      | Noticed a two-headed ogre
  6406 | D:8      | Reached skill level 13 in Stealth
  6453 | D:8      | Killed a two-headed ogre
  6454 | D:8      | Reached skill level 14 in Stealth
  6454 | D:8      | Reached XP level 10. HP: 40/63 MP: 10/10
  6491 | D:8      | Reached skill level 15 in Stealth
  6707 | D:8      | Reached skill level 3 in Dodging
  6912 | D:8      | Noticed a six-headed hydra
  6912 | D:8      | Noticed an arcanist
  6947 | D:8      | Noticed a two-headed ogre
  7030 | D:8      | Found a burning altar of Makhleb.
  7125 | D:8      | Killed an arcanist
  7126 | D:8      | Reached skill level 16 in Stealth
  7190 | D:8      | Killed a six-headed hydra
  7191 | D:8      | Reached skill level 6 in Dodging
  7191 | D:8      | Reached XP level 11. HP: 53/67 MP: 11/11
  7260 | D:8      | Identified the +3 plate armour "Titi" {rElec rN+ Dex+2
                  | Slay-3}
  7493 | D:8      | Killed a two-headed ogre
  7494 | D:8      | Reached skill level 17 in Stealth
  7591 | D:9      | Found Yhegof's Antique Weapon Shoppe.
  7828 | D:9      | Found a flagged portal.
  7837 | Bailey   | Entered a bailey
  7911 | Bailey   | Reached skill level 1 in Hexes
  7920 | Bailey   | Learned a level 3 spell: Confusing Touch
  7980 | Bailey   | Noticed Prince Ribbit
  7981 | Bailey   | Noticed a vault guard
  7984 | Bailey   | Killed Prince Ribbit
  8202 | Bailey   | Slain by a vault guard

Illustrated notes

Levels and vault maps discovered:
D:1:      giann_horns, layout_basic, nicolae_concentric_dashed_squares_mild
D:2:      wad_pebble_path, layout_basic, nicolae_shop_vocational
D:3:      layout_loops_ring, nicolae_uskayaw_murder_on_the_dancefloor,
          gammafunk_ghost_necromancy
D:4:      layout_cave_pools, serial_demonic, serial_demonic_f, serial_demonic_g,
          serial_demonic_f, serial_demonic_e, minmay_fractal_squares_5
D:5:      layout_cave_pools
D:6:      kennysheep_big_flooded_room, layout_loops_corners, elyvilon_altar_5,
          minmay_temple_entry_glassed_door, patterned_corridor
D:7:      layout_basic, cheibrodos_ashenzari_chains,
          mainiacjoe_overflow_divided_tiny
D:8:      wad_guarded_room, layout_loops_ring, led_sif_book,
          amcnicky_altar_gilded
D:9:      layout_loops_ring, mainiacjoe_overflow_alcove_4,
          due_lair_maze_entry_diamond, david_orc_4, serial_shops, shop,
          enter_bailey_3, serial_library_hellmonk_open_square, st_stairs_13
Temple:   pdpol_scorched_temple
Bailey:   bailey_axe_froggy_fort_hellmonk, bailey

Skill      XL: |  1  2  3  4  5  6  7  8  9 10 11 |
---------------+----------------------------------+-----
Short Blades   | 3 4 6 8 10 | 10.0
Stealth        | 6 8 10 11 14 16 17 | 17.8
Fighting       | 5 7 |  7.0
Dodging        | 6 8 |  8.7
Hexes          | 1 |  1.9
Throwing       | |  2.1

Action                     |  1- 3 |  4- 6 |  7- 9 | 10-12 || total
---------------------------+-------+-------+-------+-------++-------
  Melee: Dagger            |    56 |    87 |   220 |   187 ||   550
         Punch             |       |       |     3 |     3 ||     6
  Throw: Dart              |       |       |       |     1 ||     1
    Use: Potion            |       |     1 |     1 |     2 ||     4
         Scroll            |       |       |    19 |     2 ||    21
   Stab: Sleeping          |    20 |    27 |    23 |    22 ||    92
         Distracted        |     2 |       |       |     2 ||     4
 Armour: Robe              |    10 |    21 |    80 |    64 ||   175
  Dodge: Dodged            |    16 |    29 |    95 |   107 ||   247
  Block: Other             |     2 |     8 |    36 |    37 ||    83
